 Dungeon Crawl Stone Soup version 0.28.0-43-g3370ac3207 (webtiles) character file.

Game seed: 6761557564401720552

72 issech the Cudgeller (level 4, -17/45 HPs)
             Began as a Troll Monk on Mar 20, 2022.
             Demolished by Crazy Yiuf
             ... wielding a +3 quarterstaff of chaos
              (18 damage)
             ... on level 2 of the Dungeon.
             The game lasted 00:04:10 (1406 turns).

issech the Cudgeller (Troll Monk)                   Turns: 1406, Time: 00:04:11

Health: -17/45     AC:  4    Str: 19    XL:     4   Next: 6%
Magic:  1/3        EV: 10    Int:  6    God:
Gold:   76         SH:  0    Dex: 14    Spells: 3/3 levels left

rFire   . . .      SeeInvis .   a - +0 mace
rCold   . . .      Faith    .   (no shield)
rNeg    . . .      Spirit   .   b - +0 robe
rPois   .          Reflect  .   (helmet restricted)
rElec   .          Harm     .   (no cloak)
rCorr   .          Rampage  .   (gloves unavailable)
Will    .....                   (boots unavailable)
Stlth   ++........              (no amulet)
HPRegen 0.95/turn               (no ring)
MPRegen 0.08/turn               (no ring)

@: lethally poisoned (-17 -> -18)
A: large, unfitting armour, claws 3, regeneration 1, shaggy fur 1, tough skin 1
a: no special abilities


You were on level 2 of the Dungeon.
You visited 1 branch of the dungeon, and saw 2 of its levels.

You collected 76 gold pieces.

Inventory:

Hand Weapons
 a - a +0 mace (weapon)
Missiles
 d - 4 large rocks (quivered)
 h - 65 stones
 i - 51 arrows
Armour
 b - a +0 robe (worn)
Wands
 l - a wand of charming (12)
Scrolls
 c - a scroll of identify {unknown}
 e - a scroll of noise {unknown}
 f - a scroll of vulnerability {unknown}
 k - a scroll of immolation {unknown}
Potions
 g - a potion of ambrosia {unknown}
 j - a potion of curing {unknown}


   Skills:
 + Level 3.0 Fighting
 + Level 3.6 Maces & Flails
 + Level 2.7 Dodging
 + Level 1.1 Stealth


You had 3 spell levels left.
You didn't know any spells.
Your spell library contained the following spells:

 Spells                   Type           Power      Damage    Failure   Level
 Conjure Flame            Conj/Fire      0%         6-21      83%         3
 Ignite Poison            Fire/Tmut/Pois 0%         N/A       83%         3
 Sticky Flame             Conj/Fire      0%         2d3       99%         4


Dungeon Overview and Level Annotations

Branches:
Dungeon (2/15)

Altars:

Annotations:
D:2 Crazy Yiuf


Innate Abilities, Weirdness & Mutations

You are too large for most types of armour.
You have claws for hands.
Your natural rate of healing is unusually fast.
You are covered in fur. (AC +1)
You have tough skin. (AC +1)


Message History

You feel your power leaking away.
You hit Crazy Yiuf but do no damage.
Crazy Yiuf is moderately wounded.
Crazy Yiuf closely misses you.
You barely miss Crazy Yiuf.
Crazy Yiuf is lightly wounded.
Crazy Yiuf closely misses you.
You hit Crazy Yiuf but do no damage.
Crazy Yiuf is lightly wounded.
Crazy Yiuf hits you with a +3 quarterstaff of chaos!
Crazy Yiuf freezes you.
You hit Crazy Yiuf.
Crazy Yiuf is moderately wounded.
Crazy Yiuf whimpers, "Candle!"
Crazy Yiuf closely misses you.
You barely miss Crazy Yiuf.
Crazy Yiuf is moderately wounded.
Crazy Yiuf closely misses you. Crazy Yiuf barely misses you.
You hit Crazy Yiuf.
Crazy Yiuf is heavily wounded.
Crazy Yiuf hits you with a +3 quarterstaff of chaos!
Crazy Yiuf burns you.
You hit Crazy Yiuf.
Crazy Yiuf is heavily wounded.
Crazy Yiuf hits you with a +3 quarterstaff of chaos!
* * * LOW HITPOINT WARNING * * *
You hit Crazy Yiuf.
Crazy Yiuf is almost dead.
Crazy Yiuf hits you with a +3 quarterstaff of chaos.
* * * LOW HITPOINT WARNING * * *
You are lethally poisoned!
* * * LOW HITPOINT WARNING * * *
You feel very sick.
Crazy Yiuf screams, "Race!"
* * * LOW HITPOINT WARNING * * *
You feel sick.
* * * LOW HITPOINT WARNING * * *
You feel sick.
Crazy Yiuf hits you with a +3 quarterstaff of chaos!!
You die...

# ##### #. # #..)# #.
# #...# #. ###### ...
#. .....# #'# ###.
####.# ♣♣.♣ #... #.#
♣.♣♣ #.## #.#########
♣♣g♣ #.# ##.##.....[#
♣@♣♣ #># #..##.######
♣♣.♣♣ #.# ###.###.#
### ♣...♣♣ #######.#
........# #.# ♣..).♣
#.......# ###.##..#
#.# ##.)## #######.#
#.##..# #.###...)#
#### #.# #.##..#
#..###...###.[#####.#
###.##..#
#...................#
#....#<.#
#.#####.###.#.......##


You could see Crazy Yiuf.

Vanquished Creatures
  2 adders (D:2)
  3 dart slugs (D:1)
  5 ball pythons
  6 bats
  An endoplasm (D:2)
  A giant cockroach (D:2)
  5 goblins
  6 hobgoblins
  2 jackals (D:2)
  2 quokkas
  3 frilled lizards (D:1)
  A kobold (D:1)
  7 rats
44 creatures vanquished.

Notes
Turn   | Place    | Note
-------+----------+-------------------------------------------
     0 | D:1      | issech the Troll Monk began the quest for the Orb.
     0 | D:1      | Reached XP level 1. HP: 22/22 MP: 0/0
    88 | D:1      | Reached XP level 2. HP: 29/29 MP: 1/1
   547 | D:1      | Reached XP level 3. HP: 34/36 MP: 2/2
   983 | D:2      | Found a runed translucent door.
   984 | D:2      | Noticed Crazy Yiuf
  1018 | D:2      | Reached XP level 4. HP: 44/45 MP: 3/3
  1082 | D:2      | Found a faded altar of an unknown god.
  1405 | D:2      | HP: 2/45 [poisoned by Crazy Yiuf]
  1406 | D:2      | Demolished by Crazy Yiuf

Illustrated notes

Levels and vault maps discovered:
D:1:      dpeg_arrival_ratfight, layout_basic
D:2:      layout_loops_ring, ebering_ecumenical_altar_hall,
          hangedman_abyss_or_decor_lesser_grid, uniq_crazy_yiuf_cottage

Skill      XL: |  1  2  3 |
---------------+----------+-----
Maces & Flails | 3 |  3.6
Fighting       | 3 |  3.0
Dodging        | |  2.7
Stealth        | |  1.1

Action                   |  1- 3 |  4- 6 || total
-------------------------+-------+-------++-------
Melee: Mace              |   143 |    15 ||   158
 Stab: Sleeping          |     3 |       ||     3
Armor: Robe              |    70 |     2 ||    72
Dodge: Dodged            |    88 |    11 ||    99
